 Dungeon Crawl Stone Soup version 0.31.0-4-g52a2dc7128 (webtiles) character file.

Game seed: 14137413879180881544

1397142 Jannitor the Warrior (level 26, 220/220 HPs)
             Began as a Demonspawn Alchemist on Jan 21, 2024.
             Was the Champion of Vehumet.
             Escaped with the Orb
             ... and 3 runes!
             The game lasted 04:39:13 (103406 turns).

Jannitor the Warrior (Demonspawn Alchemist)       Turns: 103406, Time: 04:39:14

Health: 220/220    AC: 25    Str: 13    XL:     26   Next: 27%
Magic:  49/52      EV: 16    Int: 38    God:    Vehumet [******]
Gold:   8580       SH: 17    Dex: 19    Spells: 12/57 levels left

rFire   + + +        u - staff of air
rCold   . . .        W - +2 kite shield of Virtue {Rampage Int+2}
rNeg    + + .        s - +4 faerie dragon scales {rPois rCorr}
rPois   +            (helmet unavailable)
rElec   +            M - +2 cloak {Will+}
rCorr   +            e - +2 pair of gloves
SInv    +            R - +0 pair of boots of Honesty {MP+9 Int+7 Stlth+}
Will    +++..        N - amulet "Zoschy" {Spirit ^Fragile rN++ Int+3}
Stlth   +            V - ring "Ixyasch" {rF+ rC+ Slay+2}
HPRegen 0.56/turn    D - ring of Discretion {Fire Int+4 SInv}
MPRegen 0.33/turn

%: guardian spirit, rampage
@: no status effects
A: antennae 3, molten scales 3, foul stench 3, powered by pain 3, torment
resistance 1, demonic willpower, agile 1, strong 1, MP-powered wands, noise
suppression
0: Orb of Zot
}: 3/15 runes: serpentine, barnacled, silver
a: Renounce Religion


You escaped.
You worshipped Vehumet.
Vehumet was exalted by your worship.
You visited 10 branches of the dungeon, and saw 48 of its levels.
You also visited: Ossuary, Gauntlet and Ice Cave.

You collected 10513 gold pieces.
You spent 1933 gold pieces at shops.

Inventory:

Armour
 e - a +2 pair of gloves (worn)
 s - the +4 faerie dragon scales (worn) {rPois rCorr}
   (You took it off the Enchantress on level 1 of the Depths)

   rPois:     It protects you from poison rCorr: It protects you from acid and
   corrosion.
 M - a +2 cloak of willpower (worn)
 R - the +0 pair of boots of Honesty (worn) {MP+9 Int+7 Stlth+}
   (You found it on level 3 of the Elven Halls)

   Int+7:     It affects your intelligence (+7).
   MP+9:      It affects your magic capacity (+9).
   Stlth+:    It makes you more stealthy.
 W - the +2 kite shield of Virtue (worn) {Rampage Int+2}
   (You found it on level 3 of the Elven Halls)

   Int+2:     It affects your intelligence (+2).
   Rampage:   It bestows one free step when moving towards enemies.
 Y - the +2 pair of slick slippers {slick, slippery, EV+4}
   (You found it on level 2 of the Orcish Mines)

   Slick:     Its wearer cannot be constricted, engulfed, netted or webbed.
   Slippery:  Its wearer slips away from damaging melee attacks, pulling the
   attacker onward.
   EV+4:      It affects your evasion (+4).
Magical Staves
 u - a staff of air (weapon)
 X - a staff of conjuration
Jewellery
 C - a ring of protection from cold
 D - the ring of Discretion (right hand) {Fire Int+4 SInv}
   (You found it in a Gauntlet)

   [ring of fire]

   Fire:      It enhances your fire magic.
   Int+4:     It affects your intelligence (+4).
   rF+:       It protects you from fire.
   rC-:       It makes you vulnerable to cold.
   SInv:      It lets you see invisible.
 N - the amulet "Zoschy" (around neck) {Spirit ^Fragile rN++ Int+3}
   (You found it on level 12 of the Dungeon)

   [amulet of guardian spirit]

   Spirit:    It causes incoming damage to be divided between your reserves of
   health and magic.
   Int+3:     It affects your intelligence (+3).
   rN++:      It greatly protects you from negative energy.
   ^Fragile:  It will be destroyed if unequipped.
 V - the ring "Ixyasch" (left hand) {rF+ rC+ Slay+2}
   (You bought it in a shop on level 1 of the Snake Pit)

   [ring of protection from fire]

   Slay+2:    It affects your accuracy & damage with ranged weapons and melee
   (+2).
   rF+:       It protects you from fire.
   rC+:       It protects you from cold.
Wands
 c - a wand of mindburst (6)
 q - a wand of roots (58)
 x - a wand of polymorph (23)
 y - a wand of acid (24)
 B - a wand of charming (38)
 I - a wand of flame (94)
 K - a wand of digging (15)
Scrolls
 b - 5 scrolls of amnesia
 h - 4 scrolls of fog
 l - 9 scrolls of blinking
 v - 2 scrolls of revelation
 z - 2 scrolls of enchant armour
 A - 5 scrolls of vulnerability
 E - 9 scrolls of silence
 F - 3 scrolls of summoning
 G - 10 scrolls of teleportation
 J - 7 scrolls of poison
 L - 7 scrolls of fear
 O - 4 scrolls of torment
 Z - 39 scrolls of identify
Potions
 a - 5 potions of invisibility
 d - 12 potions of attraction
 f - 17 potions of curing
 g - 6 potions of enlightenment
 i - 7 potions of heal wounds
 j - 8 potions of might
 k - 11 potions of mutation
 m - 3 potions of cancellation
 n - 4 potions of haste
 p - 5 potions of brilliance
 t - 2 potions of magic
 w - 10 potions of ambrosia
 Q - 5 potions of resistance
 S - 9 potions of lignification
 T - 6 potions of berserk rage
Miscellaneous
 r - a phantom mirror
 H - a condenser vane
 P - a phial of floods
 U - a lightning rod (4/4)


   Skills:
 + Level 20.9 Fighting
 - Level 12.0 Staves
 - Level 10.2 Armour
 - Level 9.3 Dodging
 - Level 2.0 Stealth
 - Level 16.7 Shields
 + Level 16.2 Spellcasting
 - Level 11.6 Conjurations
 - Level 14.2 Fire Magic
 - Level 2.2 Ice Magic
 + Level 18.6 Air Magic
 - Level 8.0 Alchemy
 + Level 17.0 Evocations


You had 12 spell levels left.
You knew the following spells:

 Your Spells              Type           Power      Damage    Failure   Level
a - Plasma Beam           Fire/Air       75%        2x1d92    1%          6
b - Maxwell's Capacitive  Air            65%        ∞         2%          8
c - Magic Dart            Conj           100%       1d8       0%          1
d - Sticky Flame          Fire/Alch      100%       2d15      1%          4
e - Mephitic Cloud        Conj/Alch/Air  100%       N/A       1%          3
f - Olgreb's Toxic Radia  Alch           75%        N/A       1%          4
g - Freezing Cloud        Conj/Ice/Air   53%        6-21      1%          5
h - Iskenderun's Battles  Conj           87%        2d13      1%          5
i - Airstrike             Air            65%        2d(10-26) 0%          4
j - Arcjolt               Conj/Air       60%        1d70      1%          5

Your spell library contained the following spells:

 Spells                   Type           Power      Damage    Failure   Level
 Fire Storm               Conj/Fire      57%        8d14      95%         9
 Shatter                  Erth           15%        3d15*     100%        9
 Shock                    Conj/Air       100%       1d9       0%          1
 Mercury Vapours          Alch/Air       100%       N/A       0%          2
 Scorch                   Fire           100%       2d9       0%          2
 Static Discharge         Conj/Air       100%       3-8/arc   0%          2
 Swiftness                Air            100%       N/A       0%          3
 Freeze                   Ice            100%       1d10      1%          1
 Kiss of Death            Conj/Necr      100%       2d13      1%          1
 Sandblast                Erth           60%        2d14      1%          1
 Sting                    Conj/Alch      100%       1d9       1%          1
 Cigotuvi's Dreadful Rot  Necr/Alch/Air  100%       N/A       1%          2
 Momentum Strike          Conj/Tloc      100%       3d10      1%          2
 Searing Ray              Conj           100%       2d8       1%          2
 Dazzling Flash           Conj/Hex       100%       N/A       1%          3
 Frozen Ramparts          Ice            94%        1d15      1%          3
 Hailstorm                Conj/Ice       70%        3d12      1%          3
 Stone Arrow              Conj/Erth      100%       3d13      1%          3
 Volatile Blastmotes      Fire/Tloc      100%       2d18      1%          3
 Brom's Barrelling Bould  Conj/Erth      66%        2d8       1%          4
 Flame Wave               Conj/Fire      100%       2d21      1%          4
 Fulminant Prism          Conj/Alch      40%        3d19      1%          4
 Ignite Poison            Fire/Alch      100%       N/A       1%          4
 Iskenderun's Mystic Bla  Conj/Tloc      66%        2d14      1%          4
 Summon Blazeheart Golem  Fire/Summ      91%        N/A       1%          4
 Summon Lightning Spire   Summ/Air       100%       N/A       1%          4
 Vhi's Electric Charge    Tloc/Air       100%       N/A       1%          4
 Fireball                 Conj/Fire      57%        3d22      1%          5
 Conjure Ball Lightning   Conj/Air       60%        3x3d22    1%          6
 Starburst                Conj/Fire      57%        6d15      1%          6
 Summon Small Mammal      Summ           100%       N/A       2%          1
 Ensorcelled Hibernation  Hex/Ice        78%        N/A       2%          2
 Jinxbite                 Hex            60%        N/A       3%          2
 Lesser Beckoning         Tloc           60%        N/A       3%          2
 Ozocubu's Armour         Ice            47%        N/A       3%          3
 Summon Ice Beast         Ice/Summ       39%        N/A       4%          3
 Leda's Liquefaction      Alch/Erth      28%        N/A       4%          4
 Petrify                  Alch/Erth      57%        N/A       4%          4
 Yara's Violent Unravell  Hex/Alch       28%        3d12      4%          5
 Eringya's Noxious Bog    Alch           37%        4d6       4%          6
 Orb of Destruction       Conj           43%        9d12      5%          7
 Call Canine Familiar     Summ           30%        N/A       8%          3
 Confusing Touch          Hex            30%        N/A       8%          3
 Gell's Gravitas          Tloc           30%        N/A       8%          3
 Passwall                 Erth           30%        N/A       8%          3
 Sigil of Binding         Hex            30%        N/A       8%          3
 Teleport Other           Tloc           30%        N/A       8%          3
 Tukima's Dance           Hex            30%        N/A       8%          3
 Ignition                 Fire           59%        3d16      13%         8
 Lee's Rapid Deconstruct  Erth           15%        3d10*     17%         5
 Animate Armour           Summ/Erth      60%        N/A       26%         4
 Animate Dead             Necr           30%        N/A       26%         4
 Cause Fear               Hex            15%        N/A       26%         4
 Dimensional Bullseye     Hex/Tloc       15%        N/A       26%         4
 Dispel Undead            Necr           30%        3d14      26%         4
 Martyr's Knell           Necr/Summ      30%        N/A       26%         4
 Passage of Golubria      Tloc           30%        N/A       26%         4
 Metabolic Englaciation   Hex/Ice        19%        N/A       41%         5
 Sculpt Simulacrum        Ice/Alch       31%        N/A       43%         6
 Spellforged Servitor     Conj/Summ      33%        N/A       43%         7
 Summon Forest            Summ/Tloc      15%        N/A       56%         5
 Summon Mana Viper        Hex/Summ       30%        N/A       56%         5
 Chain Lightning          Conj/Air       60%        3d80      75%         9
 Ozocubu's Refrigeration  Ice            23%        4d12      88%         7
 Lehudib's Crystal Spear  Conj/Erth      33%        10d8      97%         8
 Death Channel            Necr           15%        N/A       98%         6
 Dispersal                Tloc           15%        N/A       98%         6
 Summon Cactus Giant      Summ           15%        N/A       98%         6
 Haunt                    Necr/Summ      15%        N/A       100%        7
 Monstrous Menagerie      Summ           15%        N/A       100%        7
 Disjunction              Tloc           15%        N/A       100%        8
 Infestation              Necr           15%        N/A       100%        8
 Dragon's Call            Summ           15%        N/A       100%        9
 Polar Vortex             Ice            23%        12d3*     100%        9


Dungeon Overview and Level Annotations

Branches:
Dungeon (15/15)            Temple (1/1) D:6            Lair (5/5) D:8
 Shoals (4/4) Lair:3        Snake (4/4) Lair:3        Slime (0/5) Lair:5
    Orc (2/2) D:11            Elf (3/3) Orc:2        Vaults (5/5) D:13
  Crypt (0/3) Vaults:3     Depths (4/4) D:15            Zot (5/5) Depths:4
Ossuary (visited)           IceCv (visited)         Gauntlet (visited)

Altars:
Ashenzari
Cheibriados
Dithmenos
Fedhas
Gozag
Hepliaklqana
Kikubaaqudgha
Makhleb
Nemelex Xobeh
Okawaru
Qazlal
Ru
Sif Muna
Trog
Uskayaw
Vehumet
Wu Jian
Xom
Yredelemnul
Jiyva

Shops:
D:3 [   D:9 [*   D:13 [   D:14 =   Orc:2 :[*   Elf:1 =   Snake:1 =:=
Snake:4 *   Vaults:1 (   Vaults:2 [   Vaults:5 *

Portals:
Hell: Depths:1 Depths:2 Depths:3 Depths:4
Abyss: Depths:2 Depths:3
Pandemonium: Depths:2 Depths:3 Depths:4
Ziggurat: Depths:3
Trove: D:15 (give +2 gold dragon scales)

Annotations:
D:4 1 runed translucent door, GreatBamboolord's ghost, amateur DsHu
D:7 1 runed translucent door, 2 transporters, Crazy Yiuf; Tizio's ghost, novice MiFi
D:13 2 transporters, Borsukrates's ghost, adept TrGl
Lair:4 exclusion: 4 oklob plants
Shoals:1 Roxanne
Snake:2 2 transporters
Snake:3 Vashnia
Elf:2 3 runed translucent doors
Depths:3 2 transporters, frimble's ghost, adept DsGl
Depths:4 1 runed translucent door, Zeph's ghost, adept NaFi


Innate Abilities, Weirdness & Mutations

You have a pair of large antennae on your head. (SInv)
You are completely covered in molten scales. (AC +4, rF+)
You frequently emit foul miasma when damaged in melee.
You are powered by pain.
You are resistant to unholy torment.
You punish those that try to bend your will. (Will+)
You are agile. (Dex +4, Str/Int -1)
Your muscles are strong. (Str +4, Int/Dex -1)
You expend magic power (3 MP) to strengthen your wands.
You passively dampen the noise of your surroundings.


Message History

Press: ? - help, Dir - look around, f - activate You feel a strong surge of power!
The bolt of lightning hits the demonspawn warmonger.
The demonspawn warmonger is lightly wounded.
The fiery plasma hits the demonspawn warmonger!!!
The demonspawn warmonger is heavily wounded.
Unknown command.
Casting: Plasma Beam (mildly dangerous; 1% risk of failure)
Confirm with . or Enter, or press ? or * to list all spells.
Casting: Plasma Beam (mildly dangerous; 1% risk of failure)
Press: ? - help, Dir - look around, f - activate You feel a strong surge of power!
The bolt of lightning hits the demonspawn blood saint.
The demonspawn blood saint is almost dead.
The bolt of lightning misses the demonspawn warmonger.
The fiery plasma misses the demonspawn blood saint.
The fiery plasma hits the demonspawn warmonger!!!!
You kill the demonspawn warmonger!
Vehumet accepts your kill.
You feel your power returning.
The demonspawn blood saint hits you but does no damage.
Unknown command.
Casting: Plasma Beam (mildly dangerous; 1% risk of failure)
Confirm with . or Enter, or press ? or * to list all spells.
Casting: Plasma Beam (mildly dangerous; 1% risk of failure)
Press: ? - help, Dir - look around, f - activate You feel a strong surge of power!
The bolt of lightning hits the demonspawn blood saint!!
You kill the demonspawn blood saint!
Vehumet accepts your kill.
You feel your power returning.
What level of the Dungeon? (default 1, ? - help) You're already here!
Unknown command.
Things that are here:
a +0 quarterstaff; a +0 robe You open the door.
There is an open door here.
There is a staircase leading out of the dungeon here.
You have escaped!

.......# #.........#
#.# #.# .......#
#.........###'####.#
.#######
#..................#
.#####
#.............).##.##
.....#
#########.......##..#
.....# #........##.#
.....# #####
########'##.# .....#
#...###...###...#.#
.....#
#.@.............#.#
.....#
#...###...###...#.#
.....# ##.## #####
#####.# .....#
#...###...###...#.#
.)...#
#...............#.#
.....########
#...###...###...#.#
.....#......# #####
##### ##.##..
.....#.....)#
#...###...###...#..
.....#......#
#...............#..


There were no monsters in sight!

Vanquished Creatures
  Frederick (Vaults:3)
  6 dread liches
  A pandemonium lord (Depths:3)
  2 ancient liches (Zot:5)
  6 orbs of fire
  Mara (Shoals:4)
  2 juggernauts (Depths:3)
  Boris (twice) (Depths:2 Depths:3)
  3 Killer Klowns (Zot:5)
  Margery (Vaults:3)
  Saint Roka (Snake:4)
  A caustic shrike (Depths:3)
  3 curse toes
  8 golden dragons
  A bone dragon (Vaults:3)
  the Enchantress (Depths:1)
  Nikola (Snake:1)
  5 electric golems
  A hellephant (Depths:2)
  The ghost of abarbat the Executioner, an adept MiBe of Trog (Vaults:3)
  16 tentacled monstrosities
  Rupert (Snake:1)
  6 liches
  Jorgrun (Snake:3)
  13 titans
  Zenata (Elf:1)
  Asterion (Vaults:2)
  27 Orb Guardians
  A walking frostbound tome (Depths:3)
  A walking earthen tome (Depths:3)
  7 quicksilver dragons
  A searing wretch (Vaults:4)
  2 deep elf master archers (Elf:3)
  2 deep elf blademasters (Elf:3)
  Gastronok (D:12)
  7 death cobs
  A kraken (Shoals:4)
  Frances (D:12)
  Polyphemus (Shoals:2)
  An Executioner (Depths:3)
  The ghost of ratatoskos the Sensei, an adept OpSh of Trog (Vaults:1)
  Aizul (Snake:3)
  Donald (Shoals:2)
  10 shadow dragons
  2 tengu reavers (Depths:3)
  12 draconian monks
  Kirke (Lair:4)
  Ilsuiw (Shoals:2)
  5 draconian knights
  5 protean progenitors
  15 storm dragons
  A demonspawn warmonger (D:1)
  6 nagarajas
  4 draconian shifters
  12 frost giants
  6 fire giants
  2 iron dragons (Depths:3)
  12 vault wardens
  9 deep elf sorcerers
  7 deep elf elementalists (Elf:3)
  3 draconian stormcallers
  2 reapers
  3 ghost moths (Zot:5)
  Louise (Elf:1)
  2 draconian scorchers
  2 cacodemons
  The ghost of Skimidon the Warrior, a journeyman GrFi of the Shining One (Orc:2)
  A demonspawn blood saint (D:1)
  7 draconian annihilators
  5 spriggan defenders
  2 formless jellyfish (Vaults:1)
  3 vampire knights
  An orc warlord (Orc:1)
  14 ironbound preservers
  12 very ugly things
  11 green draconians
  5 deep elf death magi
  14 stone giants
  6 ironbound thunderhulks
  13 dire elephants
  3 deep elf demonologists
  3 spark wasps
  7 deep elf annihilators
  15 black draconians
  17 white draconians
  7 purple draconians
  8 yellow draconians
  10 red draconians
  2 green deaths
  A minotaur (Gauntlet)
  2 eidola (D:14)
  3 blizzard demons
  17 ettins
  4 merfolk javelineers
  6 merfolk impalers
  6 deep elf high priests
  A spectral kraken (Shoals:3)
  An entropy weaver (shapeshifter) (Elf:3)
  9 fire dragons
  2 jiangshi (Depths:4)
  7 rakshasas
  13 yaktaur captains
  37 vault guards
  4 entropy weavers
  A quicksilver dragon skeleton (Depths:3)
  3 salamander tyrants (Snake:4)
  Harold (Lair:2)
  2 hell beasts (Depths:1)
  9 ice dragons
  2 catoblepae
  4 great orbs of eyes
  A peacekeeper (Vaults:2)
  13 centaur warriors
  3 ghost crabs (Shoals:3)
  6 hydras
  4 spriggan air magi
  4 ogre magi
  2 merfolk avatars
  7 anacondas
  2 merfolk aquamancers
  5 alligator snapping turtles
  3 death knights
  16 two-headed ogres
  A torpor snail (shapeshifter) (Vaults:5)
  4 satyrs (Shoals:4)
  9 tengu warriors
  11 ironbound frosthearts
  Erica (D:10)
  10 dancing weapons
  4 boulder beetles
  18 naga warriors
  6 deep troll earth magi
  7 death yaks
  5 deep troll shamans
  8 shock serpents
  8 naga sharpshooters
  An orc high priest (Elf:3)
  3 sun demons (Depths:1)
  An occultist (Depths:3)
  6 spriggan berserkers
  A vampire mage (Depths:4)
  Amaemon (Lair:1)
  2 soul eaters
  10 deep elf knights
  13 hell knights
  5 skysharks
  3 sixfirhies
  4 salamander mystics (Snake:3)
  12 sea snakes
  9 skeletal warriors
  2 death drakes (Depths:4)
  2 flayed ghosts
  A swamp dragon (shapeshifter) (Vaults:5)
  33 deep trolls
  13 mana vipers
  3 glowing orange brains (Depths:3)
  A shadow demon (Depths:2)
  A goliath frog (Zot:4)
  7 lindwurms
  9 phantasmal warriors
  2 swamp dragons (Lair:5)
  5 deep elf archers
  5 arcanists
  2 bog bodies (IceCv)
  An obsidian statue (Depths:1)
  A shadow dragon zombie (Vaults:4)
  21 ironbound convokers
  8 orc knights
  7 naga ritualists
  19 harpies
  33 deep elf pyromancers
  12 necromancers
  13 deep elf zephyrmancers
  34 ugly things
  15 cyclopes
  A frost giant zombie (Depths:3)
  A cyclops (shapeshifter) (Vaults:5)
  A will-o-the-wisp (Lair:5)
  A shadow dragon skeleton (Depths:3)
  18 manticores
  15 fauns
  2 orc sorcerers
  14 salamanders
  3 meliai (Lair:4)
  15 elephants
  2 wolf spiders (Lair:5)
  Maurice (D:9)
  23 moths of wrath
  5 centaur zombies (D:14)
  10 guardian serpents
  4 kobold blastminers
  4 water nymphs
  11 merfolk sirens
  An ice statue (IceCv)
  2 rust devils (Depths:1)
  10 centaur skeletons (D:14)
  2 water nymphs (shapeshifter)
  A black mamba (shapeshifter) (Elf:3)
  Joseph (D:10)
  14 vault sentinels
  42 black mambas
  3 smoke demons
  18 cane toads
  7 unseen horrors
  12 naga magi
  A large abomination (D:10)
  5 torpor snails (Lair:5)
  3 orange demons
  9 komodo dragons
  Jeremiah (D:7)
  3 spectral sea snakes (Shoals:3)
  23 yaktaurs
  3 kobold demonologists
  A rime drake (shapeshifter) (D:14)
  4 freezing wraiths
  2 hellions
  12 rime drakes
  An efreet (D:11)
  2 spectral merfolk (Shoals:3)
  2 queen bees
  21 trolls
  4 hellwings
  26 merfolk
  2 wind drakes
  12 hornets
  2 polar bears
  4 tyrant leeches (Lair:5)
  3 glass eyes
  9 blink frogs
  2 meliai zombies (D:14)
  28 slime creatures
  9 snapping turtles
  12 wyverns
  2 spriggans
  2 shadows
  3 wraiths
  A spectral wind drake (Shoals:3)
  A centaur simulacrum (D:15)
  2 ynoxinuls (Depths:1)
  2 air elementals (Elf:1)
  18 humans (D:13)
  3 wargs
  10 water elementals
  61 yaks
  5 hogs (Lair:4)
  3 basilisks
  4 death yak simulacra (IceCv)
  5 fire elementals
  11 redbacks
  10 vampire mosquitoes
  A steam dragon (Lair:4)
  A chaos spawn (Depths:1)
  2 harpy simulacra (IceCv)
  3 swamp worms (Gauntlet)
  A hydra simulacrum (IceCv)
  4 acid dragons
  40 nagas
  29 water moccasins
  A spectral snapping turtle (Shoals:3)
  30 orc warriors
  A swamp drake (Lair:5)
  4 black bears
  A meliai simulacrum (D:14)
  A hornet zombie (D:14)
  An ice beast (D:7)
  2 laughing skulls (D:14)
  26 ogres
  3 sky beasts
  11 centaurs
  23 wolves
  5 boggarts
  An elf zombie (Ossuary)
  3 phantoms
  2 kobold brigands
  8 bullfrogs
  2 gnoll sergeants (D:11)
  3 cane toad simulacra (IceCv)
  5 earth elementals
  5 scorpions
  An ogre simulacrum (Vaults:4)
  6 two-headed ogre simulacra (IceCv)
  7 wights
  A burial acolyte (Ossuary)
  An elephant simulacrum (IceCv)
  74 killer bees
  6 electric eels
  2 howler monkeys
  A gnoll bouda (D:8)
  2 hounds
  14 orc priests
  A jelly (D:6)
  3 iguanas
  5 sleepcaps
  23 orc wizards
  2 hell rats (Lair:4)
  A polar bear simulacrum (IceCv)
  6 spriggan simulacra (IceCv)
  4 troll simulacra (IceCv)
  A wolf simulacrum (IceCv)
  3 hound zombies (Ossuary)
  2 mummies (Ossuary)
  Robin (D:3)
  8 gnolls
  5 adders
  5 naga simulacra (IceCv)
  A river rat (Lair:4)
  2 shadow imps
  11 white imps
  8 ufetubi (IceCv)
  A dart slug (D:1)
  5 ribbon worms
  113 orcs
  4 ball pythons
  A bat (D:1)
  6 endoplasms
  4 giant cockroaches
  15 goblins
  8 hobgoblins
  17 kobolds
  7 quokkas
  3 frilled lizards
  2 gnoll zombies (Ossuary)
  A goblin zombie (D:4)
  6 orc zombies (Ossuary)
  5 rats
  A rat zombie (D:4)
  5 aspiring fleshes
  2 butterflies (Lair:1)
  6 tentacles
2278 creatures vanquished.

Vanquished Creatures (collateral kills)
  An elephant (Lair:2)
  A cane toad (Lair:5)
  A komodo dragon (Lair:5)
  A yak (Lair:5)
  A water moccasin (Lair:5)
  A kobold (D:4)
6 creatures vanquished.

Vanquished Creatures (others)
  A tengu reaver (Depths:3)
  A salamander tyrant (Snake:4)
  A deep elf zephyrmancer (Elf:1)
  A cane toad (Lair:5)
  A human skeleton (Vaults:4)
  A water moccasin (Lair:5)
  3 foxfires (Lair:5)
  6 tentacles
15 creatures vanquished.

Grand Total: 2299 creatures vanquished

Notes
Turn   | Place    | Note
-------+----------+-------------------------------------------
     0 | D:1      | Jannitor the Demonspawn Alchemist began the quest for the
                  | Orb.
     0 | D:1      | Reached XP level 1. HP: 13/13 MP: 3/3
   666 | D:1      | Gained mutation: You sometimes gain a little power by
                  | taking damage. [demonic ancestry]
   666 | D:1      | Reached XP level 2. HP: 19/19 MP: 3/5
   737 | D:1      | Learned a level 2 spell: Mercury Vapours
  1302 | D:1      | Reached XP level 3. HP: 24/24 MP: 2/6
  2112 | D:3      | Identified the +8 dagger "Orb Guardian's Doom" {flame,
                  | ^Contam rPois Dex+2}
  2235 | D:2      | Found a faded altar of an unknown god.
  2245 | D:2      | Got Plato's Secrets of Striking
  2248 | D:2      | Learned a level 1 spell: Magic Dart
  2759 | D:2      | Reached skill level 1 in Armour
  3051 | D:3      | Reached XP level 4. HP: 30/30 MP: 3/7
  3089 | D:4      | Noticed a phantom
  3114 | D:4      | Killed a phantom
  3115 | D:4      | Reached XP level 5. HP: 33/36 MP: 5/9
  3143 | D:4      | Reached skill level 1 in Fighting
  3264 | D:4      | Found a runed translucent door.
  3266 | D:4      | Noticed GreatBamboolord's ghost (amateur DsHu)
  3368 | D:4      | Noticed a black bear
  3539 | D:4      | Reached XP level 6. HP: 37/43 MP: 4/10
  3551 | D:4      | Found a sand-covered staircase.
  3579 | Ossuary  | Entered an ossuary
  3891 | Ossuary  | Identified a scroll of acquirement
  3891 | Ossuary  | Acquired a staff of alchemy
  3895 | Ossuary  | Gained mutation: Armour fits poorly on your strangely
                  | shaped body. [potion of mutation]
  3895 | Ossuary  | Gained mutation: You possess an exceptional clarity of
                  | mind. [potion of mutation]
  3895 | Ossuary  | Gained mutation: You are agile. (Dex +4, Str/Int -1)
                  | [potion of mutation]
  3907 | Ossuary  | Lost mutation: You possess an exceptional clarity of mind.
                  | [mutagenic glow]
  5570 | Ossuary  | Learned a level 4 spell: Sticky Flame
  5695 | Ossuary  | Reached skill level 1 in Fire Magic
  7162 | D:3      | Found a shadowy altar of Dithmenos.
  7570 | D:3      | Noticed Robin
  7707 | D:3      | Found a hide-covered altar of Uskayaw.
  7730 | D:3      | Killed Robin
  7834 | D:3      | Found Koym's Armour Shoppe.
  7841 | D:3      | Bought a +2 leather armour of cold resistance for 190 gold
                  | pieces
  8183 | D:4      | Reached XP level 7. HP: 39/49 MP: 0/11
  8618 | D:5      | Entered Level 5 of the Dungeon
  8930 | D:5      | Reached skill level 1 in Staves
  8930 | D:5      | Reached skill level 1 in Evocations
  9057 | D:5      | Learned a level 3 spell: Mephitic Cloud
  9169 | D:5      | Reached skill level 2 in Fighting
  9269 | D:5      | Found an iron altar of Okawaru.
  9270 | D:5      | Noticed a shadow
  9437 | D:5      | Identified the +3 plate armour of Zakhlyg {rC+ Will- Dex+2}
 10354 | D:6      | Found a snail-covered altar of Cheibriados.
 10368 | D:6      | Reached skill level 5 in Alchemy
 10410 | D:6      | Reached XP level 8. HP: 54/57 MP: 4/13
 10893 | D:6      | Found a staircase to the Ecumenical Temple.
 11455 | D:7      | Reached skill level 3 in Fighting
 11762 | D:7      | Learned a level 4 spell: Olgreb's Toxic Radiance
 11799 | D:7      | Found a runed translucent door.
 11800 | D:7      | Noticed Crazy Yiuf
 12306 | Temple   | Entered the Ecumenical Temple
 12316 | Temple   | Became a worshipper of Vehumet
 12349 | D:7      | Found a transporter.
 12350 | D:7      | Noticed Tizio's ghost (novice MiFi)
 12351 | D:7      | Noticed Jeremiah
 12355 | D:7      | Found a transporter.
 12865 | D:7      | Found a hazy altar of Hepliaklqana.
 12875 | D:7      | Found a basalt altar of Yredelemnul.
 13258 | D:7      | Reached XP level 9. HP: 64/65 MP: 12/15
 13513 | D:7      | Killed Jeremiah
 13514 | D:7      | Reached skill level 4 in Fighting
 14402 | D:8      | Found an ornate altar of the Wu Jian Council.
 14402 | D:8      | Found an ancient bone altar of Kikubaaqudgha.
 14410 | D:8      | Found a faded altar of an unknown god.
 14412 | D:8      | Found a sparkling altar of Nemelex Xobeh.
 14414 | D:8      | Found a sacrificial altar of Ru.
 14449 | D:8      | Reached skill level 5 in Spellcasting
 14553 | D:8      | Reached skill level 5 in Dodging
 14553 | D:8      | Reached skill level 5 in Fire Magic
 14789 | D:8      | Found a staircase to the Lair.
 15145 | D:9      | Reached * piety under Vehumet
 15145 | D:9      | Offered knowledge of Sandblast by Vehumet.
 15151 | D:9      | Reached skill level 5 in Fighting
 15237 | D:9      | Gained mutation: You may rarely emit foul miasma when
                  | damaged in melee. [demonic ancestry]
 15237 | D:9      | Reached XP level 10. HP: 42/74 MP: 15/17
 15351 | D:9      | Reached ** piety under Vehumet
 15351 | D:9      | Offered knowledge of Searing Ray by Vehumet.
 15356 | D:9      | Learned a level 2 spell: Searing Ray
 15397 | D:9      | Noticed a two-headed ogre
 15417 | D:9      | Killed a two-headed ogre
 15513 | D:9      | Found Luax's Armour Emporium.
 15745 | D:9      | Found a broken altar of Ashenzari.
 15762 | D:9      | Found Vaserod's General Store.
 15767 | D:9      | Bought a scroll of fear for 60 gold pieces
 15767 | D:9      | Bought a potion of haste for 150 gold pieces
 15767 | D:9      | Bought a scroll of identify for 30 gold pieces
 15767 | D:9      | Bought a scroll of identify for 30 gold pieces
 15781 | D:9      | Noticed a cyclops
 15784 | D:9      | Noticed Maurice
 15793 | D:9      | Killed Maurice
 15801 | D:9      | Killed a cyclops
 15987 | D:9      | Reached skill level 5 in Evocations
 16666 | D:10     | Entered Level 10 of the Dungeon
 16684 | D:10     | Noticed Joseph
 16696 | D:10     | Killed Joseph
 16697 | D:10     | Reached skill level 5 in Staves
 16766 | D:10     | Noticed Urug
 16770 | D:10     | Offered knowledge of Momentum Strike by Vehumet.
 16921 | D:10     | Noticed Erica
 16933 | D:10     | Killed Erica
 16934 | D:10     | Reached skill level 6 in Fighting
 17102 | D:10     | Urug changed into Urug the guardian serpent
 17102 | D:10     | Noticed Urug
 17165 | Lair:1   | Entered Level 1 of the Lair of Beasts
 17165 | Lair:1   | Noticed Amaemon
 17165 | Lair:1   | Noticed an orange demon
 17176 | Lair:1   | Killed an orange demon
 17177 | Lair:1   | Gained mutation: You sometimes gain power by taking damage.
                  | [demonic ancestry]
 17177 | Lair:1   | Reached XP level 11. HP: 67/81 MP: 8/20
 17179 | Lair:1   | Reached *** piety under Vehumet
 17184 | Lair:1   | Identified the storm talisman "Cabociw" {Str-5 Int+5 Dex+3
                  | SInv}
 17195 | Lair:1   | Killed Amaemon
 17320 | Lair:1   | Offered knowledge of Brom's Barrelling Boulder by Vehumet.
 18074 | Lair:1   | Reached **** piety under Vehumet
 18703 | Lair:2   | Reached skill level 7 in Fighting
 18777 | Lair:2   | Noticed a skyshark
 19033 | Lair:2   | Noticed Harold
 19191 | Lair:2   | Offered knowledge of Inner Flame by Vehumet.
 19295 | Lair:2   | Killed Harold
 19377 | Lair:2   | Noticed a six-headed hydra
 19397 | Lair:2   | Gained mutation: You have a pair of small antennae on your
                  | head. [demonic ancestry]
 19397 | Lair:2   | Reached XP level 12. HP: 91/91 MP: 19/22
 19545 | Lair:2   | Killed a six-headed hydra
 19868 | Lair:2   | Reached skill level 5 in Conjurations
 20122 | Lair:2   | Reached ***** piety under Vehumet
 20122 | Lair:2   | Offered knowledge of Conjure Ball Lightning by Vehumet.
 20407 | Lair:3   | Reached skill level 8 in Fighting
 20488 | Lair:3   | Found a frozen archway.
 20504 | IceCv    | Entered an ice cave
 20916 | IceCv    | Identified the +6 sling "Worm's Wrath" {heavy, rPois Str-3
                  | Dex+9}
 22060 | IceCv    | Offered knowledge of Iskenderun's Battlesphere by Vehumet.
 22091 | IceCv    | Learned a level 5 spell: Iskenderun's Battlesphere
 22526 | Lair:3   | Learned a level 3 spell: Hailstorm
 22729 | Lair:3   | Found a staircase to the Shoals.
 22887 | Lair:3   | Gained mutation: You sometimes emit foul miasma when
                  | damaged in melee. [demonic ancestry]
 22887 | Lair:3   | Reached XP level 13. HP: 76/99 MP: 9/25
 23033 | Lair:3   | Reached skill level 1 in Ice Magic
 23563 | Lair:3   | Found a staircase to the Snake Pit.
 24532 | Lair:4   | Reached skill level 9 in Fighting
 25067 | Lair:4   | Noticed Kirke
 25076 | Lair:4   | Reached skill level 5 in Armour
 25140 | Lair:4   | Killed Kirke
 25582 | Lair:4   | Reached ****** piety under Vehumet
 26301 | Lair:4   | Gained mutation: You have a pair of antennae on your head.
                  | [demonic ancestry]
 26301 | Lair:4   | Reached XP level 14. HP: 76/109 MP: 18/27
 26746 | Lair:5   | Entered Level 5 of the Lair of Beasts
 26773 | Lair:5   | Offered knowledge of Arcjolt by Vehumet.
 27028 | Lair:5   | Found a viscous altar of Jiyva.
 27029 | Lair:5   | Found a staircase to the Slime Pits.
 27041 | Lair:5   | Found a gate leading to a gauntlet.
 27065 | Lair:5   | Reached skill level 10 in Fighting
 27068 | Gauntlet | Entered a Gauntlet
 27068 | Gauntlet | Found a transporter.
 27068 | Gauntlet | Found a runed translucent gate.
 27068 | Gauntlet | Found a transporter.
 27144 | Gauntlet | Found a runed translucent gate.
 27270 | Gauntlet | Found a runed translucent gate.
 27272 | Gauntlet | Found a transporter.
 27288 | Gauntlet | Found a transporter.
 27299 | Gauntlet | Found a large runed translucent door.
 27300 | Gauntlet | Found a large runed translucent door.
 27301 | Gauntlet | Found a large runed translucent door.
 27301 | Gauntlet | Found a large runed translucent door.
 27301 | Gauntlet | Found a large runed translucent door.
 27301 | Gauntlet | Found a large runed translucent door.
 27301 | Gauntlet | Found a large runed translucent door.
 27301 | Gauntlet | Found a large runed translucent door.
 27302 | Gauntlet | Found a runed translucent door.
 27302 | Gauntlet | Found a runed translucent gate.
 27303 | Gauntlet | Found a transporter.
 27303 | Gauntlet | Found a runed translucent gate.
 27303 | Gauntlet | Found a transporter.
 27303 | Gauntlet | Found a transporter.
 27305 | Gauntlet | Found a transporter.
 27305 | Gauntlet | Found a transporter.
 27317 | Gauntlet | Found a transporter.
 27330 | Gauntlet | Noticed a reaper
 27333 | Gauntlet | Found a transporter.
 27343 | Gauntlet | Found a transporter.
 27357 | Gauntlet | Found a transporter.
 27369 | Gauntlet | Found a large runed translucent door.
 27370 | Gauntlet | Found a large runed translucent door.
 27371 | Gauntlet | Found a large runed translucent door.
 27371 | Gauntlet | Found a large runed translucent door.
 27371 | Gauntlet | Found a large runed translucent door.
 27371 | Gauntlet | Found a large runed translucent door.
 27372 | Gauntlet | Found a large runed translucent door.
 27372 | Gauntlet | Found a large runed translucent door.
 27372 | Gauntlet | Found a runed translucent gate.
 27372 | Gauntlet | Found a runed translucent door.
 27377 | Gauntlet | Found a transporter.
 27410 | Gauntlet | Learned a level 5 spell: Arcjolt
 27540 | Gauntlet | Reached skill level 1 in Air Magic
 27675 | Gauntlet | Identified the +3 chain mail of Pandemonium {rC++ Will-
                  | rCorr}
 27678 | Gauntlet | Identified the ring of Discretion {Fire Int+4 SInv}
 27722 | Gauntlet | Killed a reaper
 27879 | Gauntlet | Identified the +0 hat of Noorr {Str+4 Dex+2}
 27887 | Gauntlet | Got Simple Wizarding
 27924 | Gauntlet | Identified the +6 rapier of Qirieppo {flame, rC+ rCorr
                  | Str-5 Dex+2}
 27924 | Gauntlet | Identified the ring "Etsel" {MP+9 Slay+3 Stlth+}
 28045 | Lair:5   | Reached skill level 5 in Air Magic
 28295 | Lair:5   | Offered knowledge of Freezing Cloud by Vehumet.
 28546 | Lair:5   | Learned a level 5 spell: Freezing Cloud
 30856 | D:10     | Offered knowledge of Plasma Beam by Vehumet.
 31073 | D:10     | Found a burning altar of Makhleb.
 31220 | D:10     | Killed Urug the guardian serpent
 31221 | D:10     | Gained mutation: You have a pair of large antennae on your
                  | head. (SInv) [demonic ancestry]
 31221 | D:10     | Reached XP level 15. HP: 117/117 MP: 28/28
 31483 | D:10     | Found a stormy altar of Qazlal.
 32421 | D:11     | Learned a level 6 spell: Plasma Beam
 32717 | D:11     | Found a staircase to the Orcish Mines.
 32808 | Orc:1    | Entered Level 1 of the Orcish Mines
 33042 | Orc:2    | Entered Level 2 of the Orcish Mines
 33042 | Orc:2    | Found Ytel's General Store.
 33050 | Orc:2    | Reached skill level 1 in Shields
 33225 | Orc:1    | Reached skill level 10 in Spellcasting
 33234 | Orc:1    | Offered knowledge of Yara's Violent Unravelling by Vehumet.
 33635 | Orc:2    | Reached skill level 11 in Fighting
 33638 | Orc:2    | Offered knowledge of Lehudib's Crystal Spear by Vehumet.
 33803 | Orc:2    | Found a staircase to the Elven Halls.
 33864 | Orc:2    | Found Doryqor's Antique Armour Shop.
 33870 | Orc:2    | Bought a scroll of blinking for 97 gold pieces
 33870 | Orc:2    | Bought 2 potions of curing for 78 gold pieces
 33872 | Orc:2    | Found Woshru Rali's Book Shoppe.
 33873 | Orc:2    | Found Fajehil's Antique Weapon Emporium.
 33897 | Orc:2    | Found a burning altar of Makhleb.
 34059 | Orc:2    | Found a runed translucent gate.
 34059 | Orc:2    | Found a runed translucent gate.
 34103 | Orc:1    | Reached skill level 10 in Staves
 34465 | Orc:2    | Noticed Skimidon's ghost (journeyman GrFi)
 34466 | Orc:2    | Found a runed translucent gate.
 34469 | Orc:2    | Identified the +0 plate armour "Pemar" {Str+4 Slay+5}
 34642 | Orc:2    | Found the +2 pair of slick slippers {slick, slippery, EV+4}
 34966 | Orc:2    | Killed Skimidon's ghost
 35336 | Orc:2    | Bought a wand of roots (3) for 93 gold pieces
 35336 | Orc:2    | Bought a wand of roots (2) for 62 gold pieces
 35503 | D:12     | Noticed Gastronok
 35516 | D:12     | Killed Gastronok
 35524 | D:12     | Noticed Frances
 35533 | D:12     | Killed Frances
 35536 | D:12     | Offered knowledge of Fire Storm by Vehumet.
 35536 | D:12     | Offered knowledge of Shatter by Vehumet.
 35536 | D:12     | Offered knowledge of Ignition by Vehumet.
 36161 | D:12     | Identified the amulet "Zoschy" {Spirit ^Fragile rN++ Int+3}
 36214 | D:12     | Gained mutation: You are partially covered in molten
                  | scales. (AC +2) [demonic ancestry]
 36214 | D:12     | Reached XP level 16. HP: 83/125 MP: 15/30
 36562 | D:12     | Reached skill level 5 in Shields
 37563 | D:12     | Got the Directory of Transmutation and Cold
 37810 | D:13     | Found Vairch's Armour Shoppe.
 37998 | D:13     | Found a transporter.
 38001 | D:13     | Noticed Borsukrates's ghost (adept TrGl)
 38056 | D:13     | Found a transporter.
 38183 | D:13     | Found a gate to the Vaults.
 38417 | D:13     | You fall into a shaft and drop 2 floors!
 38417 | D:15     | Entered Level 15 of the Dungeon
 39507 | D:14     | Reached skill level 10 in Conjurations
 39675 | D:14     | Found Qillaluz's Jewellery Boutique.
 40420 | D:14     | Reached skill level 12 in Fighting
 40930 | D:15     | Reached XP level 17. HP: 94/133 MP: 30/32
 41080 | D:15     | Found a portal to a secret trove of treasure.
 41523 | D:15     | Found a staircase to the Depths.
 42377 | Snake:1  | Entered Level 1 of the Snake Pit
 42402 | Snake:1  | Noticed Rupert
 42409 | Snake:1  | Killed Rupert
 42642 | Snake:1  | Noticed Nikola
 42654 | Snake:1  | Killed Nikola
 43258 | Snake:1  | Identified the +1 trident of the Ferocious God {vamp, rElec
                  | SInv}
 43961 | Snake:1  | Found Ycvakhl Vinao's Jewellery Shop.
 43962 | Snake:1  | Found Waleser's Book Emporium.
 43963 | Snake:1  | Found Qygiethre's Jewellery Shop.
 43979 | Snake:1  | Bought the ring "Ixyasch" {rF+ rC+ Slay+2} for 663 gold
                  | pieces
 45606 | Snake:2  | Found a transporter.
 45606 | Snake:2  | Found a transporter.
 47078 | Snake:3  | Noticed Vashnia
 47385 | Snake:3  | Identified the +7 flail of Purpose {elec, Will+ Str+4}
 47653 | Snake:3  | Noticed Jorgrun
 47657 | Snake:3  | Identified the serpent talisman of Indomitability {Str+3
                  | Dex-4}
 47657 | Snake:3  | Noticed Aizul
 47659 | Snake:3  | Killed Jorgrun
 47757 | Snake:3  | Killed Aizul
 48504 | Snake:4  | Entered Level 4 of the Snake Pit
 48572 | Snake:4  | Gained mutation: You are mostly covered in molten scales.
                  | (AC +3) [demonic ancestry]
 48572 | Snake:4  | Reached XP level 18. HP: 142/142 MP: 18/33
 49007 | Snake:4  | Noticed Saint Roka
 49029 | Snake:4  | Killed Saint Roka
 50737 | Snake:4  | Reached skill level 13 in Fighting
 51741 | Snake:4  | Got a serpentine rune of Zot
 51904 | Snake:4  | Found Oshev's Neck Hole.
 51917 | Snake:4  | Reached skill level 10 in Armour
 52322 | Vaults:1 | Entered Level 1 of the Vaults
 52598 | Snake:1  | Bought a book of Spectacle for 480 gold pieces
 52607 | Snake:1  | Learned a level 8 spell: Maxwell's Capacitive Coupling
 52956 | Elf:1    | Entered Level 1 of the Elven Halls
 52964 | Elf:1    | Paralysed by an air elemental for 1 turns
 52981 | Elf:1    | Paralysed by an air elemental for 1 turns
 53007 | Elf:1    | Paralysed by an air elemental for 1 turns
 53011 | Elf:1    | Paralysed by an air elemental for 1 turns
 53016 | Elf:1    | Paralysed by an air elemental for 1 turns
 53520 | Shoals:1 | Entered Level 1 of the Shoals
 55656 | Shoals:1 | Noticed Roxanne
 56095 | Shoals:2 | Reached skill level 10 in Air Magic
 56366 | Shoals:2 | Reached XP level 19. HP: 122/149 MP: 5/35
 56391 | Shoals:2 | Reached skill level 10 in Shields
 56746 | Shoals:2 | Noticed Donald
 56753 | Shoals:2 | Killed Donald
 56930 | Shoals:2 | Noticed Ilsuiw
 56940 | Shoals:2 | Killed Ilsuiw
 57139 | Shoals:2 | Noticed Polyphemus
 57149 | Shoals:2 | Killed Polyphemus
 59538 | Shoals:4 | Entered Level 4 of the Shoals
 60594 | Shoals:4 | Identified the +1 great sword of Disembowelment {flame,
                  | MP+9 Str+4}
 61456 | Shoals:4 | Reached skill level 10 in Fire Magic
 62223 | Shoals:4 | Noticed Mara
 62450 | Shoals:4 | Got a barnacled rune of Zot
 62496 | Shoals:4 | Killed Mara
 62730 | Shoals:4 | Learned a level 4 spell: Airstrike
 63449 | Elf:1    | Lost mutation: You are agile. (Dex +4, Str/Int -1) [potion
                  | of mutation]
 63449 | Elf:1    | Lost mutation: Armour fits poorly on your strangely shaped
                  | body. [potion of mutation]
 63449 | Elf:1    | Gained mutation: Potions are less effective at restoring
                  | your health. [potion of mutation]
 63449 | Elf:1    | Gained mutation: You passively map a small area around you.
                  | [potion of mutation]
 63449 | Elf:1    | Gained mutation: You are robust. (+10% HP) [potion of
                  | mutation]
 63971 | Elf:1    | Found Geomyci's Jewellery Shop.
 63994 | Elf:1    | Noticed Zenata
 64002 | Elf:1    | Killed Zenata
 64142 | Elf:1    | Noticed Louise
 64146 | Elf:1    | Killed Louise
 64419 | Elf:2    | Found an ancient bone altar of Kikubaaqudgha.
 64907 | Elf:2    | Found a runed translucent gate.
 64907 | Elf:2    | Found a runed translucent gate.
 65135 | Elf:2    | Identified the +10 flail "Pendulum" {flame, +Blink Fly rC++
                  | Dex-5}
 65596 | Elf:2    | Found a runed translucent gate.
 65647 | Elf:3    | Entered Level 3 of the Elven Halls
 66280 | Elf:3    | Gained mutation: You are powered by pain. [demonic
                  | ancestry]
 66280 | Elf:3    | Reached XP level 20. HP: 173/173 MP: 21/37
 67834 | Elf:3    | Reached skill level 14 in Fighting
 67837 | Elf:3    | Identified the +2 demon whip of the Ship {elec, rC++ Str+3}
 68202 | Elf:3    | Identified the +9 plate armour of Marbles {rCorr Int+4}
 69110 | Elf:3    | Got the Atlas of Charming Arcane Weapons
 69112 | Elf:3    | Identified the +2 war axe of Dust {heavy, *Rage rCorr
                  | Stlth+}
 69128 | Elf:3    | Found the macabre finger necklace {Finger+ rN+}
 69203 | Elf:3    | Identified the +0 pair of boots of Honesty {MP+9 Int+7
                  | Stlth+}
 69251 | Elf:3    | Identified the staff of the Ship {rElec rC+ Ice}
 69272 | Elf:3    | Identified the +2 kite shield of Virtue {Rampage Int+2}
 70856 | Vaults:1 | Found Afaeri's Weapon Shoppe.
 71896 | Vaults:1 | Found a runed translucent door.
 71896 | Vaults:1 | Found a shimmering altar of Xom.
 71896 | Vaults:1 | Noticed ratatoskos's ghost (adept OpSh)
 72194 | Vaults:1 | Identified the staff of Grim Fortitude {rN+ Str+2 Necro}
 72332 | Vaults:1 | Killed ratatoskos's ghost
 72544 | Vaults:2 | Found Inaiz's Armour Shop.
 72916 | Vaults:2 | Noticed Asterion
 72919 | Vaults:2 | Killed Asterion
 74175 | Vaults:2 | Reached skill level 15 in Fighting
 74283 | Vaults:3 | Reached XP level 21. HP: 173/184 MP: 19/38
 74506 | Vaults:3 | Identified the orb of Quiescent Curiosity {*channel, ^Drain
                  | Str+6 Int+4}
 74506 | Vaults:3 | Noticed Frederick
 74512 | Vaults:3 | Killed Frederick
 74637 | Vaults:3 | Identified the +1 pair of boots of the Alphagorgon {rF+
                  | Str+6}
 74850 | Vaults:3 | Found a runed translucent gate.
 74850 | Vaults:3 | Found a runed translucent gate.
 74850 | Vaults:3 | Found a runed translucent gate.
 74853 | Vaults:3 | Noticed abarbat's ghost (adept MiBe)
 74958 | Vaults:3 | Found a staircase to the Crypt.
 76350 | Vaults:3 | Killed abarbat's ghost
 76641 | Vaults:3 | Identified the +1 cloak of Fiesucva {rPois Str+2 Int+4
                  | Dex-2}
 76699 | Vaults:4 | Noticed Margery
 76705 | Vaults:4 | Killed Margery
 76717 | Vaults:3 | Killed the ghostly Margery
 78526 | Vaults:5 | Entered Level 5 of the Vaults
 78565 | Vaults:5 | Reached skill level 16 in Fighting
 78569 | Vaults:5 | Noticed a golden dragon
 78585 | Vaults:4 | Killed a golden dragon
 79097 | Vaults:5 | Gained mutation: You punish those that try to bend your
                  | will. (Will+) [demonic ancestry]
 79097 | Vaults:5 | Reached XP level 22. HP: 195/195 MP: 39/39
 79140 | Vaults:5 | Got the Atlas of Phantasms
 79246 | Vaults:5 | Identified the +8 halberd of Painful Death {flame, Str+3}
 79541 | Vaults:5 | Got a silver rune of Zot
 79767 | Vaults:5 | Identified the +0 battleaxe "Kita" {flame, rElec rN+++
                  | Dex-2 Stlth+}
 79888 | Vaults:5 | Reached skill level 10 in Evocations
 80161 | Vaults:5 | Identified the ring of Acuyfaidea {Wiz rCorr}
 80404 | Vaults:5 | Found Urivif's General Store.
 80754 | Vaults:5 | Identified the staff of Nitinl Veyha {Tloc Earth}
 80838 | Vaults:5 | Identified the +2 mace of the Valley of Death {speed,
                  | ^Fragile rElec rN+}
 80876 | Vaults:5 | Identified the +3 ring mail of the Trees {rElec rPois rN+
                  | Will-}
 80886 | Vaults:5 | Got the Folio of Transmuted Translocation
 81149 | Vaults:5 | Found the +8 lance "Wyrmbane" {slay drac, rPois rF+ rC+
                  | AC+3}
 81510 | Depths:1 | Entered Level 1 of the Depths
 81517 | Depths:1 | Noticed the Enchantress
 81520 | Depths:1 | Killed the Enchantress
 82933 | Depths:1 | Found a sacrificial altar of Ru.
 83540 | Depths:1 | Found a gateway to Hell.
 83653 | Depths:1 | Identified the +3 dagger "Ludi" {flame, Fly rElec Will+}
 83807 | Depths:1 | Found a detected altar.
 83809 | Depths:1 | Found a faded altar of an unknown god.
 83809 | Depths:1 | Found a hazy altar of Hepliaklqana.
 84555 | Depths:2 | Reached skill level 17 in Fighting
 84759 | Depths:2 | Noticed Boris
 84764 | Depths:2 | Killed Boris
 84928 | Depths:2 | Gained mutation: You frequently emit foul miasma when
                  | damaged in melee. [demonic ancestry]
 84928 | Depths:2 | Reached XP level 23. HP: 108/205 MP: 13/40
 85866 | Depths:2 | Found a one-way gate to the infinite horrors of the Abyss.
 85882 | Depths:2 | Found a one-way gate leading to the halls of Pandemonium.
 86010 | Depths:3 | Noticed a juggernaut
 86293 | Depths:3 | Reached skill level 15 in Air Magic
 86338 | Depths:3 | Reached skill level 15 in Shields
 86853 | Depths:3 | Found a one-way gateway to a ziggurat.
 86853 | Depths:3 | Noticed Boris
 87062 | Depths:3 | Killed Boris
 87316 | Depths:3 | Killed a juggernaut
 87421 | Depths:3 | Noticed a dread lich
 87480 | Depths:3 | Identified the +9 falchion of the Sea {elec, rC+ rN++
                  | Int-2}
 87905 | Depths:3 | Noticed a dread lich
 87910 | Depths:3 | Killed a dread lich
 88035 | Depths:3 | Noticed a caustic shrike
 88040 | Depths:3 | Killed a caustic shrike
 88089 | Depths:3 | Noticed a juggernaut
 88095 | Depths:3 | Killed a juggernaut
 88483 | Depths:3 | Found an ancient bone altar of Kikubaaqudgha.
 88700 | Depths:3 | Identified the +4 morningstar of Crusades {pain, Int+2
                  | Stlth+}
 88702 | Depths:3 | Found a transporter.
 88702 | Depths:3 | Noticed frimble's ghost (adept DsGl)
 88807 | Depths:3 | Found a transporter.
 88989 | Depths:4 | Entered Level 4 of the Depths
 89480 | Depths:3 | Reached skill level 18 in Fighting
 89691 | Depths:4 | Gained mutation: You occasionally lose the ability to read
                  | scrolls when taking damage. [a cacodemon]
 89814 | Depths:3 | Lost mutation: Potions are less effective at restoring your
                  | health. [potion of mutation]
 89814 | Depths:3 | Lost mutation: You passively map a small area around you.
                  | [potion of mutation]
 89814 | Depths:3 | Lost mutation: You occasionally lose the ability to read
                  | scrolls when taking damage. [potion of mutation]
 89814 | Depths:3 | Gained mutation: You have sharp toenails. [potion of
                  | mutation]
 89814 | Depths:3 | Gained mutation: You are covered in fur. (AC +1) [potion of
                  | mutation]
 90217 | Depths:4 | Found a runed translucent door.
 90238 | Depths:4 | Noticed Zeph's ghost (adept NaFi)
 90888 | Depths:4 | Identified the +6 war axe of Seeco {flame, Str+2 Int+4
                  | Dex-3}
 91039 | Depths:4 | Gained mutation: You are completely covered in molten
                  | scales. (AC +4, rF+) [demonic ancestry]
 91039 | Depths:4 | Reached XP level 24. HP: 217/217 MP: 36/40
 91081 | Depths:3 | Identified the +6 spear "Kuvisch" {speed, Fly Will- Str+2}
 91907 | Depths:4 | Found a gate to the Realm of Zot.
 92684 | Zot:1    | Entered Level 1 of the Realm of Zot
 93398 | Zot:1    | Acquired 401 gold pieces
 94856 | Zot:2    | Reached skill level 19 in Fighting
 96051 | Zot:3    | Noticed an orb of fire
 96058 | Zot:3    | Killed an orb of fire
 96857 | Zot:3    | Identified the +11 short sword of Wondrous Power {venom,
                  | rElec rN+}
 96878 | Zot:3    | Identified the +2 scale mail "Ajaiq" {Regen+ Int+3}
 97708 | Zot:4    | Noticed an orb of fire
 97716 | Zot:3    | Killed an orb of fire
 97717 | Zot:3    | Reached XP level 25. HP: 179/228 MP: 24/41
 97862 | Zot:4    | Reached skill level 15 in Evocations
 97932 | Zot:4    | Noticed an orb of fire
 97935 | Zot:4    | Killed an orb of fire
 98612 | Zot:5    | Entered Level 5 of the Realm of Zot
 99590 | Zot:5    | Reached skill level 15 in Spellcasting
 99808 | Zot:5    | Reached skill level 20 in Fighting
100586 | Zot:5    | Noticed a dread lich
100590 | Zot:5    | Killed a dread lich
100731 | Zot:5    | Noticed a dread lich
100736 | Zot:5    | Killed a dread lich
100771 | Zot:5    | Noticed an orb of fire
100772 | Zot:5    | Gained mutation: You are dopey. (Int -2) [an orb of fire]
100773 | Zot:5    | Noticed a Killer Klown
100775 | Zot:5    | Killed an orb of fire
100775 | Zot:5    | Noticed a Killer Klown
100779 | Zot:5    | Killed a Killer Klown
100783 | Zot:5    | Killed a Killer Klown
100951 | Zot:5    | Noticed a Killer Klown
100955 | Zot:5    | Killed a Killer Klown
101145 | Zot:5    | Noticed a dread lich
101150 | Zot:5    | Killed a dread lich
101494 | Zot:5    | Noticed a dread lich
101503 | Zot:5    | Killed a dread lich
101764 | Zot:5    | Noticed a dread lich
101772 | Zot:5    | Killed a dread lich
101781 | Zot:5    | Noticed an ancient lich
101791 | Zot:5    | Killed an ancient lich
101966 | Zot:5    | Gained mutation: Armour fits poorly on your strangely
                  | shaped body. [a cacodemon]
102046 | Zot:5    | Noticed an ancient lich
102051 | Zot:5    | Killed an ancient lich
102067 | Zot:5    | Noticed an orb of fire
102069 | Zot:5    | Gained mutation: You are weak. (Str -2) [an orb of fire]
102070 | Zot:5    | Gained mutation: Your body sometimes deteriorates upon
                  | taking damage. [an orb of fire]
102070 | Zot:5    | Lost mutation: You are robust. (+10% HP) [an orb of fire]
102071 | Zot:5    | Killed an orb of fire
102072 | Zot:5    | Gained mutation: You are resistant to unholy torment.
                  | [demonic ancestry]
102072 | Zot:5    | Reached XP level 26. HP: 220/220 MP: 28/42
102444 | Zot:5    | Noticed an orb of fire
102446 | Zot:5    | Gained mutation: You are very weak. (Str -4) [an orb of
                  | fire]
102449 | Zot:5    | Killed an orb of fire
102592 | Zot:5    | Lost mutation: You are covered in fur. (AC +1) [potion of
                  | mutation]
102592 | Zot:5    | Lost mutation: Your body sometimes deteriorates upon taking
                  | damage. [potion of mutation]
102592 | Zot:5    | Gained mutation: You are very dopey. (Int -4) [potion of
                  | mutation]
102592 | Zot:5    | Gained mutation: You possess an exceptional clarity of
                  | mind. [potion of mutation]
102592 | Zot:5    | Gained mutation: You do not regenerate when monsters are
                  | visible. [potion of mutation]
102592 | Zot:5    | Gained mutation: You are covered in fur. (AC +1) [potion of
                  | mutation]
102593 | Zot:5    | Lost mutation: You are covered in fur. (AC +1) [potion of
                  | mutation]
102593 | Zot:5    | Lost mutation: Armour fits poorly on your strangely shaped
                  | body. [potion of mutation]
102593 | Zot:5    | Lost mutation: You possess an exceptional clarity of mind.
                  | [potion of mutation]
102593 | Zot:5    | Lost mutation: You are very dopey. (Int -4) [potion of
                  | mutation]
102594 | Zot:5    | Lost mutation: You are dopey. (Int -2) [potion of mutation]
102594 | Zot:5    | Lost mutation: You are very weak. (Str -4) [potion of
                  | mutation]
102594 | Zot:5    | Gained mutation: You are robust. (+10% HP) [potion of
                  | mutation]
102594 | Zot:5    | Lost mutation: You are robust. (+10% HP) [potion of
                  | mutation]
102594 | Zot:5    | Gained mutation: You are robust. (+10% HP) [potion of
                  | mutation]
102595 | Zot:5    | Lost mutation: You are weak. (Str -2) [potion of mutation]
102595 | Zot:5    | Lost mutation: You are robust. (+10% HP) [potion of
                  | mutation]
102595 | Zot:5    | Gained mutation: You are weak. (Str -2) [potion of
                  | mutation]
102596 | Zot:5    | Lost mutation: You are weak. (Str -2) [potion of mutation]
102596 | Zot:5    | Lost mutation: You do not regenerate when monsters are
                  | visible. [potion of mutation]
102596 | Zot:5    | Lost mutation: You have sharp toenails. [potion of
                  | mutation]
102596 | Zot:5    | Gained mutation: You passively dampen the noise of your
                  | surroundings. [potion of mutation]
102596 | Zot:5    | Gained mutation: Your muscles are strong. (Str +4, Int/Dex
                  | -1) [potion of mutation]
102596 | Zot:5    | Gained mutation: You are agile. (Dex +4, Str/Int -1)
                  | [potion of mutation]
102596 | Zot:5    | Gained mutation: You expend magic power (3 MP) to
                  | strengthen your wands. [potion of mutation]
102824 | Zot:5    | Got the Orb of Zot
102998 | Depths:3 | Noticed Secuan the pandemonium lord
103003 | Depths:3 | Killed Secuan the pandemonium lord
103406 | D:$      | Escaped with the Orb!

Illustrated notes

Levels and vault maps discovered:
D:1:      minmay_arrival_nine_rooms, layout_basic, nicolae_wormholes
D:2:      layout_basic, shapermc_ecumenical_altar_rom_forum
D:3:      layout_rooms, nicolae_uskayaw_dance_hall,
          nicolae_dithmenos_the_darkroom, serial_co_window_serial,
          co_window_paths_b, co_window_paths_a, co_window_corner_a,
          co_window_paths_b, co_window_paths_a, co_window_paths_a,
          co_window_paths_b, co_window_broadway_c, co_window_corner_cb,
          co_window_paths_c, co_window_corner_ca, co_window_of_opportunity_c,
          co_window_broadway_b, co_window_paths_d, glass_columns_c,
          serial_shops, nicolae_diamond_shop,
          hangedman_abyss_or_decor_lesser_grid, uniq_robin
D:4:      layout_loops_cross, kennysheep_mini, hellmonk_ghost_happy_afterlife,
          enter_ossuary_4
D:5:      layout_gridville, mainiacjoe_overflow_brackets
D:6:      layout_basic, mainiacjoe_overflow_small_starburst,
          minmay_temple_entry_from_below_b
D:7:      layout_loops_corners, mainiacjoe_overflow_big_doors,
          gammafunk_ghost_smash, uniq_crazy_yiuf_cottage, uniq_jeremiah
D:8:      layout_loops_ring, chequers_temple_overflow_minitemple,
          dpeg_oklobed_lair, kennysheep_potato
D:9:      layout_roguey [special_room_orc], nicolae_ashenzari_skybound,
          serial_shops, nicolae_shop_stone, kennysheep_little_box,
          hangedman_decor_push, minivault_14, grunt_ogre_cave, uniq_maurice
D:10:     layout_small_grid, mainiacjoe_overflow_six_doors_small,
          mainiacjoe_overflow_alcove_2, hex_medium, uniq_joseph, uniq_erica,
          uniq_urug
D:11:     kennysheep_blocky_room, layout_rooms
D:12:     nzn_winding_woodlands_medium [nzn_winding_woodlands_5x5_cross,
          nzn_winding_woodlands_5x15_pool, nzn_winding_woodlands_5x5_open_star,
          nzn_winding_woodlands_hourglass, nzn_winding_woodlands_center_garden,
          nzn_winding_woodlands_5x5_default,
          nzn_winding_woodlands_5x5_closed_star,
          nzn_winding_woodlands_5x15_zeroes,
          nzn_winding_woodlands_5x5_checkerboard], layout_cave_pools,
          evilmike_minifort, uniq_gastronok, uniq_frances
D:13:     layout_gridville, grunt_vaults_entry_tiered,
          gammafunk_ghost_mausoleum, serial_shops, nicolae_shop_hallway_stairs
D:14:     hangedman_screamer, layout_basic, serial_shops,
          nicolae_shop_gaudy_bauble, drop_trap
D:15:     grunt_enter_depths_giant_problem, layout_basic,
          nicolae_trove_entry_free_sample
Temple:   hellmonk_temple_rainy
Lair:1:   layout_long_grid, lemuel_fruit_fields, lemuel_fruit_fields,
          uniq_amaemon
Lair:2:   layout_concentric_octagons, special_room [special_room_bee],
          grunt_megastairs_3, uniq_harold
Lair:3:   layout_roguey, elwin_shoals_entry_stream,
          minmay_snake_entry_guardpost_medium, portal_ice_cave_rime
Lair:4:   hangedman_what_comes_after_a, layout_regular_city, st_stairs_3,
          minmay_lair_drake_nest, grunt_megastairs_4, uniq_kirke
Lair:5:   hangedman_lair_tendril_chambers, layout_cellular_growth, wormcave,
          slime_entry_1, gauntlet_entry_generic, pond
Shoals:1: layout_shoals, uniq_roxanne
Shoals:2: layout_shoals, nicolae_shoals_former_cling_halls, uniq_donald,
          uniq_ilsuiw, uniq_polyphemus
Shoals:3: layout_shoals, nicolae_shoals_spectral_cove
Shoals:4: shoals_end_grunt_garden, layout_shoals, uniq_mara
Snake:1:  layout_gridlike, serial_bayou_shore_a, minmay_shop_grove,
          lemuel_fruit_tree, uniq_nikola, uniq_rupert
Snake:2:  gammafunk_the_bubble [the_bubble_gammafunk_crates], layout_basic,
          nicolae_snake_single_loop, grunt_megastairs_5
Snake:3:  cheibrodos_forgotten_conduit, layout_layer_cave, uniq_aizul,
          uniq_vashnia, uniq_jorgrun
Snake:4:  grunt_snake_rune_pools, layout_cave_pods,
          nicolae_shop_sticking_my_neck_out, serial_bayou_shore_b,
          uniq_saint_roka
Orc:1:    layout_caves
Orc:2:    st_orc_open, layout_caves, biasface_ghost_orc_armoury,
          regret_index_minedec_devilstone, minmay_orc_barracks
Elf:1:    minmay_elf_arrival_plus, layout_geoelf_octagon, serial_shops,
          nicolae_shop_pleasant_corner_grove, kennysheep_underground_church,
          uniq_louise, uniq_zenata
Elf:2:    elven_hall_of_blades_hangedman_original [grunt_blade_entry_basic],
          layout_loops_cross, basic_altar
Elf:3:    grunt_elf_hall_diamonds, layout_geoelf_castle, st_stairs_6,
          solitary_fountain
Vaults:1: ebering_ghost_xom, v_rooms_6, nicolae_vaults_offset_grid_hallway_4,
          hangedman_vaults_capsules, v_pattern_1, v_misc_9,
          dpeg_vaults_monster_row, nicolae_vaults_wine_cellar,
          nicolae_vaults_double_plus_1, nicolae_vaults_angled_halls,
          layout_vaults_omnigrid, serial_shops, shop
Vaults:2: vaults_standard_mumra_x, nicolae_vaults_little_squares_4, v_misc_2,
          nicolae_vaults_shrinking_rooms_1, hangedman_vaults_trim,
          ontoclasm_vaults_gateway, vaults_mumra_hexcomb,
          nicolae_vaults_surprise_closet, nicolae_vaults_little_squares_3,
          nicolae_vaults_bisected_inception, nicolae_vaults_little_ls,
          nicolae_vaults_two_Ls, layout_vaults_ring, serial_shops,
          nicolae_square_shop, uniq_asterion
Vaults:3: gammafunk_ghost_tricky_traps, nicolae_vaults_diamond_2,
          nicolae_vaults_doubleplus_tesselated, ontoclasm_vaults_spin,
          minmay_crypt_entry_nasty_monster, hangedman_vaults_river_flow,
          nicolae_vaults_tetromino_T_2, ontoclasm_vaults_decontamination,
          nicolae_vaults_tetromino_L_1, nicolae_vaults_tetromino_L_1,
          layout_vaults_maze_snakey, uniq_frederick
Vaults:4: v_misc_11, v_alt_pattern_1, ontoclasm_vaults_ring_small, serial_ice_m,
          v_misc_17, layout_vaults_big_room, uniq_margery
Vaults:5
Depths:1: layout_gridville, hangedman_ru_absence,
          grunt_hell_entry_demonic_statue,
          nicolae_hepliaklqana_ecumenical_no_more, serial_bayou_shore_b,
          uniq_enchantress
Depths:2: mu_elephants_graveyard, layout_gridville, hangedman_coc_ice_floe,
          grunt_pan_entry_zigzag, abyss_entry_small_statue_room, kennysheep_nub,
          infiniplex_staircase_zigzag_4, uniq_boris
Depths:3: minmay_nested_s, layout_gridlike, enter_ziggurat_b,
          rand_demon_pan_entry_5, hell_entry, gammafunk_ghost_arena,
          abyss_entry, lemuel_statue_altar, kilobyte_mutagenic_chamber
Depths:4: lemuel_castle_with_subvaults [lemuel_castle_interior_carwin_1],
          layout_cave_pools, muffindrake_ghost_dead_mans_drink,
          rand_demon_pan_entry_3, hell_entry
Zot:1:    layout_cathedral_of_symmetry, regret_index_zotdec_twisting_globes
Zot:2:    layout_basic, regret_index_zotdec_misc_clamp
Zot:3:    minmay_elemental_castle, layout_basic
Zot:4:    layout_twisted_circle, regret_index_zotdec_barnacled_simple,
          lemuel_lake_of_fire
Zot:5:    layout_gridville, grunt_megastairs_2

Skill      XL: |  1  2  3  4  5  6  7  8  9 10 11 12 13 14 15 16 17 18 19 20 21 22 23 24 25 26 |
---------------+-------------------------------------------------------------------------------+-----
Stealth        | 2 |  2.0
Dodging        | 2 3 4 5 6 8 9 |  9.3
Armour         | 1 3 5 6 7 8 9 10 | 10.2
Alchemy        | 4 5 6 7 8 |  8.0
Fighting       | 1 2 3 5 6 7 8 9 10 11 12 13 15 16 17 18 19 20 | 20.9
Conjurations   | 2 4 6 7 8 9 10 11 | 11.6
Spellcasting   | 3 4 5 6 7 8 9 10 11 12 13 14 15 16 | 16.2
Fire Magic     | 3 4 5 6 7 8 9 10 12 13 14 | 14.2
Staves         | 1 3 4 5 6 7 8 9 10 11 12 | 12.0
Evocations     | 1 3 4 5 6 7 9 11 13 14 16 17 | 17.0
Ice Magic      | 2 |  2.2
Air Magic      | 6 7 8 9 10 11 12 13 14 16 17 18 | 18.6
Shields        | 4 7 8 9 11 12 13 14 16 | 16.7

Action                     |  1- 3 |  4- 6 |  7- 9 | 10-12 | 13-15 | 16-18 | 19-21 | 22-24 | 25-27 || total
---------------------------+-------+-------+-------+-------+-------+-------+-------+-------+-------++-------
  Melee: Short sword       |    13 |       |       |       |       |       |       |       |       ||    13
         Dagger            |    27 |    23 |       |       |       |       |       |       |       ||    50
         Staff             |       |    35 |   104 |   195 |   417 |   341 |   175 |    69 |       ||  1336
         Punch             |       |       |     2 |     2 |    10 |       |       |       |       ||    14
  Throw: Stone             |     1 |       |       |       |       |       |       |       |       ||     1
         Boomerang         |       |       |     1 |       |       |       |       |       |       ||     1
   Cast: Sting             |    57 |    33 |   102 |    20 |       |       |       |       |       ||   212
         Magic Dart        |    10 |   154 |    86 |    24 |   155 |     9 |    30 |       |       ||   468
         Mercury Vapours   |     5 |     7 |    29 |     1 |       |       |       |       |       ||    42
         Sticky Flame      |       |       |     5 |    81 |    73 |    31 |     6 |     3 |       ||   199
         Olgreb's Toxic Ra |       |       |    11 |    82 |   115 |    16 |     4 |       |       ||   228
         Mephitic Cloud    |       |       |    10 |    35 |    45 |     5 |     2 |       |       ||    97
         Hailstorm         |       |       |       |     7 |     2 |       |       |       |       ||     9
         Iskenderun's Batt |       |       |       |     5 |    39 |     4 |    12 |       |       ||    60
         Searing Ray       |       |       |       |       |     2 |       |       |       |       ||     2
         Arcjolt           |       |       |       |       |   149 |   361 |   225 |    17 |     1 ||   753
         Freezing Cloud    |       |       |       |       |    41 |   138 |   109 |     2 |     1 ||   291
         Plasma Beam       |       |       |       |       |       |    32 |   301 |   561 |   141 ||  1035
         Airstrike         |       |       |       |       |       |       |   185 |       |       ||   185
         Maxwell's Capacit |       |       |       |       |       |       |       |    96 |    61 ||   157
  Evoke: Wand              |       |     1 |    10 |    21 |    13 |     9 |    13 |     2 |     4 ||    73
         Condenser vane    |       |       |       |       |       |       |     1 |       |       ||     1
         Phial of floods   |       |       |       |       |       |       |     1 |       |       ||     1
    Use: Scroll            |     3 |     7 |     7 |     8 |    14 |     3 |     9 |     4 |     2 ||    57
         Potion            |       |     4 |     3 |       |    10 |     7 |     7 |     3 |     6 ||    40
   Stab: Sleeping          |     1 |     2 |       |     1 |       |     2 |       |       |       ||     6
         Confused          |       |       |     2 |    18 |     7 |     3 |       |       |       ||    30
         Petrified         |       |       |       |       |     8 |       |       |       |       ||     8
 Armour: Robe              |     2 |       |       |       |       |       |       |       |       ||     2
         Leather armour    |    14 |    72 |   106 |   184 |   175 |       |       |       |       ||   551
         Swamp dragon scal |       |       |       |       |   166 |   412 |   307 |     9 |       ||   894
         Acid dragon scale |       |       |       |       |       |       |       |   281 |    76 ||   357
  Dodge: Dodged            |    16 |    62 |   101 |   189 |   364 |   397 |   195 |   132 |    36 ||  1492
  Block: Buckler           |       |       |       |       |    33 |   142 |       |       |       ||   175
         Kite shield       |       |       |       |       |       |    69 |   260 |   169 |    50 ||   548
